 Dungeon Crawl Stone Soup version 0.32-a0-468-g38b2580584 (webtiles) character file.

Game seed: 4780877521543981576

53 ezpacito the Trooper (level 3, -7/29 HPs)
             Began as a Demonspawn Chaos Knight on Feb 25, 2024.
             Was a Plaything of Xom.
             Mangled by Sigmund
             ... wielding a +0 scythe
              (11 damage)
             ... on level 2 of the Dungeon.
             The game lasted 00:01:05 (1034 turns).

ezpacito the Trooper (Demonspawn Chaos Knight)      Turns: 1034, Time: 00:01:05

Health: -7/29      AC:  5    Str: 14    XL:     3   Next: 62%
Magic:  4/4        EV: 11    Int: 12    God:    Xom [.....*]
Gold:   155        SH:  0    Dex: 12    Spells: 4/4 levels left

rFire   . . .        a - +0 hand axe (chaos)
rCold   . . .        (no shield)
rNeg    . . .        b - +2 leather armour
rPois   .            (no helmet)
rElec   .            (no cloak)
rCorr   .            (no gloves)
SInv    .            (no boots)
Will    .....        (no amulet)
Stlth   +            (no ring)
HPRegen 0.24/turn    (no ring)
MPRegen 0.09/turn

%: no passive effects
@: no status effects
A: foul stench 1, spiny 1
a: Renounce Religion


You were on level 2 of the Dungeon.
You worshipped Xom.
You were Xom's teddy bear.
You visited 1 branch of the dungeon, and saw 2 of its levels.

You collected 155 gold pieces.

Inventory:

Hand Weapons
 a - a +0 hand axe of chaos (weapon)
Armour
 b - a +2 leather armour (worn)
Talismans
 e - a flux talisman
Scrolls
 c - a scroll of butterflies
 d - a scroll of torment {unknown}
 f - a scroll of identify {unknown}
 g - 2 scrolls of teleportation {unknown}
 i - a scroll of brand weapon {unknown}
Potions
 h - a potion of cancellation


   Skills:
 * Level 3.2 Fighting
 * Level 3.0 Axes
 + Level 0.4(1.9) Polearms
 * Level 2.1 Armour
 * Level 1.5 Dodging
 + Level 0.3 Stealth
 * Level 0.6 Unarmed Combat
 * Level 1.0 Spellcasting


You had 4 spell levels left.
You didn't know any spells.
Your spell library contained the following spells:

 Spells                   Type           Power      Damage    Failure   Level
 Blink                    Tloc           0%         N/A       50%         2
 Lesser Beckoning         Tloc           0%         N/A       50%         2
 Momentum Strike          Conj/Tloc      0%         3d8       50%         2
 Sublimation of Blood     Necr           0%         N/A       50%         2
 Petrify                  Alch/Erth      0%         N/A       98%         4
 Irradiate                Conj/Alch      0%         3d11      100%        5


Dungeon Overview and Level Annotations

Branches:
Dungeon (2/15)

Altars:

Annotations:
D:2 Sigmund


Innate Abilities, Weirdness & Mutations

You may rarely emit foul miasma when damaged in melee.
You are partially covered in sharp spines.


Message History

You kill the bat!
You see here a bat corpse.
Sigmund the Dreaded comes into view.
He is wielding a +0 scythe.
Sigmund is nearby!
Sigmund says, "I'm your fate." Sigmund is struck by your spines.
Sigmund hits you with a +0 scythe.
You hit Sigmund.
Sigmund is moderately wounded.
Sigmund points at you and mumbles some strange words.
You are confused.
You are too confused!
You are too confused!
You are too confused!
You are too confused!
You are too confused!
You are too confused!
You are too confused!
You are too confused!
You are too confused!
You are too confused!
You are too confused!
You closely miss Sigmund.
Sigmund is moderately wounded.
Sigmund is struck by your spines. Sigmund barely misses you.
Sigmund hits you with a +0 scythe!
You hit Sigmund.
Sigmund flies into a frenzy!
Xom thinks this is hilarious!
Sigmund is heavily wounded.
Sigmund completely misses you.
You feel less confused.
Sigmund hits you from afar with a +0 scythe.
Sigmund hits you with a +0 scythe!
* * * LOW HITPOINT WARNING * * *
You barely miss Sigmund.
Sigmund is heavily wounded.
Sigmund is struck by your spines. Sigmund closely misses you.
It was a potion of cancellation.
You feel magically purged.
Xom thinks this is hilarious!
Sigmund hits you with a +0 scythe!
You die...

........................#
###...###...###...###...#
# #...# #...# #...# #...#
###)†.###...###...###...#
...)†...............†...#
.......................##
.......................#
###...###...###...###..#
# #...# ... #.@.# #..# #
#...# .. #@..# #..# .
...... ..........#
........ ............#
..............#
...###...###... ... #...#
... .. #...# ..


You could see the neutral Sigmund (fast, strong, frenzied).

Vanquished Creatures
  An adder (D:2)
  2 dart slugs
  A ribbon worm (D:2)
  3 bats (D:2)
  2 endoplasms (D:2)
  4 giant cockroaches
  A goblin (D:1)
  7 hobgoblins
  3 kobolds
  4 quokkas (D:1)
  4 frilled lizards
  A rat (D:1)
33 creatures vanquished.

Notes
Turn   | Place    | Note
-------+----------+-------------------------------------------
     0 | D:1      | ezpacito the Demonspawn Chaos Knight began the quest for
                  | the Orb.
     0 | D:1      | Reached XP level 1. HP: 18/18 MP: 1/1
   113 | D:1      | XOM: divination: detect items
   126 | D:1      | XOM: silly message
   131 | D:1      | Reached skill level 1 in Dodging
   251 | D:1      | Gained mutation: You are partially covered in sharp spines.
                  | [demonic ancestry]
   251 | D:1      | Reached XP level 2. HP: 24/24 MP: 2/2
   258 | D:1      | XOM: 1-stop teleportation journey
   703 | D:1      | XOM: 5-stop teleportation journey
   722 | D:1      | Found a faded altar of an unknown god.
   781 | D:2      | Gained mutation: You may rarely emit foul miasma when
                  | damaged in melee. [demonic ancestry]
   781 | D:2      | Reached XP level 3. HP: 27/29 MP: 4/4
   936 | D:2      | Reached skill level 1 in Spellcasting
  1022 | D:2      | Noticed Sigmund
  1034 | D:2      | Mangled by Sigmund

Illustrated notes

Levels and vault maps discovered:
D:1:      dpeg_arrival_arbitrary_c, layout_loops_ring,
          ebering_ecumenical_altar_rust, nicolae_titane
D:2:      layout_loops_ring, kennysheep_boxes, uniq_jessica,
          uniq_crazy_yiuf_cottage, uniq_terence, uniq_sigmund

Skill      XL: |  1  2  3 |
---------------+----------+-----
Dodging        | 1 |  1.5
Armour         | 2 |  2.1
Spellcasting   | 1 |  1.0
Axes           | 3 |  3.0
Fighting       | |  3.2
Polearms       | |  0.4
Stealth        | |  0.3
Unarmed Combat | |  0.6

Action                     || total
---------------------------++-------
  Melee: Hand axe          ||    82
    Use: Potion            ||     1
   Stab: Distracted        ||     1
         Sleeping          ||     1
 Armour: Leather armour    ||    36
  Dodge: Dodged            ||    44

Table legend: (Time is in decaauts)
 A = Elapsed time spent in this place.
 B = Non-inter-level travel time spent in this place.
 C = Inter-level travel time spent in this place.
 D = Time resting spent in this place.
 E = Time spent auto-exploring this place.
 F = Levels seen in this place.
 G = Mean time per level.
                   A        B        C        D        E       F      G
               +--------+--------+--------+--------+--------+-----+--------+
         Total |   1047 |   1035 |     12 |      0 |    823 |   2 |  523.5 |
       Dungeon |   1047 |   1035 |     12 |      0 |    823 |   2 |  523.5 |
               +--------+--------+--------+--------+--------+-----+--------+

Top non-repeatable levels by time:
     D:1: 761 daAuts
     D:2: 285 daAuts
